 Dungeon Crawl Stone Soup version 0.27-a0-660-g90476cec82 (webtiles) character file.

Game seed: 11342866916964080246

24 LuckyCharm the Caller (level 3, 0/24 HPs)
             Began as a Merfolk Summoner on Mar 17, 2021.
             Slain by an adder (1 damage)
             ... on level 2 of the Dungeon.
             The game lasted 00:08:14 (2059 turns).

LuckyCharm the Caller (Merfolk Summoner)            Turns: 2059, Time: 00:08:16

Health: 0/24       AC:  2    Str:  9    XL:     3   Next: 2%
Magic:  1/6        EV: 13    Int: 14    God:
Gold:   56         SH:  0    Dex: 14    Spells: 3/6 levels left

rFire    . . .     SeeInvis .   g - +0 mace
rCold    . . .     Faith    +   (no shield)
rNeg     . . .     Spirit   .   a - +0 robe
rPois    .         Reflect  .   (no helmet)
rElec    .         Harm     .   (no cloak)
rCorr    .         Rampage  .   (no gloves)
Will     .....                  (no boots)
Stlth    ++........             f - amulet of faith
HPRegen  0.08/turn              (no ring)
MPRegen  0.10/turn              (no ring)

@: lethally poisoned (0 -> -3)
A: (nimble swimmer 2), mertail
a: no special abilities


You were on level 2 of the Dungeon.
You visited 1 branch of the dungeon, and saw 2 of its levels.

You collected 56 gold pieces.

Inventory:

Hand Weapons
 d - a +0 club
 g - a +0 mace (weapon)
Armour
 a - a +0 robe (worn)
 b - a +0 ring mail
Jewellery
 f - an amulet of faith (around neck)
Scrolls
 i - a scroll of immolation {unknown}
 j - a scroll of identify {unknown}
 k - a scroll of noise {unknown}
 m - a scroll of teleportation {unknown}
Potions
 c - a potion of flight {unknown}
 e - 2 potions of heal wounds {unknown}
 h - 4 potions of curing {unknown}
 l - a potion of degeneration {unknown}


   Skills:
 + Level 2.9 Dodging
 + Level 2.3 Stealth
 + Level 2.3 Spellcasting
 * Level 4.5 Summonings


You had 3 spell levels left.
You knew the following spells:

 Your Spells              Type           Power      Damage    Failure   Level
a - Summon Small Mammal   Summ           56%        N/A       3%          1
b - Call Imp              Summ           14%        N/A       5%          2

Your spell library contained the following spells:

 Spells                   Type           Power      Damage    Failure   Level
 Call Canine Familiar     Summ           14%        N/A       11%         3
 Summon Guardian Golem    Hex/Summ       7%         N/A       26%         3
 Summon Ice Beast         Ice/Summ       7%         N/A       65%         4
 Summon Lightning Spire   Summ/Air       7%         N/A       65%         4


Dungeon Overview and Level Annotations

Branches:
Dungeon (2/15)

Altars:


Innate Abilities, Weirdness & Mutations

((You are quick and stealthy while swimming. (Stealth+, EV+, Speed+++)))
Your lower body shifts to a powerful aquatic tail in water.


Message History

A beastly little devil appears in a puff of flame.
The adder closely misses you. The hobgoblin misses you.
Your crimson imp hits the adder.
Casting: Call Imp (safe; 5% risk of failure)
Confirm with . or Enter, or press ? or * to list all spells.
The adder closely misses you. The hobgoblin misses you. The goblin hits you.
The adder barely misses you.
Your crimson imp barely misses the adder.
A hobgoblin comes into view. It is wielding a +0 club.
The adder bites you.
You are poisoned.
The adder poisons you!
Your crimson imp misses the adder.
Your crimson imp closely misses the hobgoblin.
You feel sick. The hobgoblin closely misses your rat.
The goblin misses your crimson imp.
Your rat bites the adder but does no damage.
Your crimson imp blinks!
Your crimson imp misses the adder.
Your rat misses the adder. The adder barely misses you.
The goblin barely misses your rat. The adder bites you.
Your crimson imp closely misses the adder.
Your rat closely misses the adder.
You feel sick. The hobgoblin completely misses you. The goblin hits your rat.
Your rat dies!
Your rat's corpse disappears in a puff of smoke!
Your crimson imp barely misses the hobgoblin.
Your crimson imp blinks!
You hit the adder.
The adder is moderately wounded.
The adder closely misses you. The hobgoblin hits you.
* * * LOW HITPOINT WARNING * * *
The adder closely misses you.
Your crimson imp barely misses the adder.
You hit the adder.
The adder is severely wounded.
You feel sick. The adder bites you.
* * * LOW HITPOINT WARNING * * *
Your crimson imp blinks!
The adder bites you.
You die...

#....##...# ##.###....##...#
..# #....#.........#
####.#+# #....#.........#
#....... #....##........#
#....... #..............#
#....... . #..5.........###
#....... ..#.......g§...#
+....... ..........S@...#
####.......
.........5gg...###..........
..##....r..................
#.....#######....#####+#
#.....# #...†# #...$.#
#....+ #.##+## ##...# #..
#...# .... #....#


You could see an adder (ally target), 2 hobgoblins, a goblin, a rat and 2
friendly crimson imps.

Vanquished Creatures
  2 hobgoblins (D:1)
  A bat (D:1)
  A frilled lizard (D:1)
  2 rats
6 creatures vanquished.

Vanquished Creatures (collateral kills)
  An adder (D:2)
  2 worms (D:2)
  A dart slug (D:1)
  A giant cockroach (D:1)
  4 goblins
  2 hobgoblins (D:1)
  A quokka (D:2)
  4 frilled lizards
  A rat (D:1)
17 creatures vanquished.

Grand Total: 23 creatures vanquished

Notes
Turn   | Place    | Note
-------+----------+-------------------------------------------
     0 | D:1      | LuckyCharm the Merfolk Summoner began the quest for the
                  | Orb.
     0 | D:1      | Reached XP level 1. HP: 13/13 MP: 3/3
   587 | D:1      | Reached XP level 2. HP: 19/19 MP: 0/5
   911 | D:1      | Learned a level 2 spell: Call Imp
  2019 | D:2      | Reached XP level 3. HP: 22/24 MP: 1/6
  2059 | D:2      | HP: 1/24 [adder (3)]
  2059 | D:2      | Slain by an adder

Illustrated notes

Levels and vault maps discovered:
D:1:      lightli_arrival_isolated_outpost, layout_basic
D:2:      layout_basic, nicolae_overflow_crystal_walls, minmay_hexomino_r4

Action                   || total
-------------------------++-------
Melee: Club              ||     6
       Mace              ||     6
 Cast: Summon Small Mamm ||    30
       Call Imp          ||    15
Armor: Robe              ||     9
Dodge: Dodged            ||    42

Table legend: (Time is in decaauts)
 A = Elapsed time spent in this place.
 B = Non-inter-level travel time spent in this place.
 C = Inter-level travel time spent in this place.
 D = Time resting spent in this place.
 E = Time spent auto-exploring this place.
 F = Levels seen in this place.
 G = Mean time per level.
                   A        B        C        D        E       F      G
               +--------+--------+--------+--------+--------+-----+--------+
         Total |   2051 |   2051 |      0 |   1127 |    150 |   2 | 1025.5 |
       Dungeon |   2051 |   2051 |      0 |   1127 |    150 |   2 | 1025.5 |
               +--------+--------+--------+--------+--------+-----+--------+

Top non-repeatable levels by time:
     D:1: 1196 daAuts
     D:2: 854 daAuts
